 Dungeon Crawl Stone Soup version 0.28.0-49-g6dfe1f597d (webtiles) character file.

Game seed: 5635902303809180152

854 Exodus22XD the Chopper (level 7, -1/62 HPs)
             Began as a Minotaur Fighter on May 20, 2022.
             Killed by nerve-wracking pain
             ... invoked by a shadow imp
              (9 damage)
             ... on level 5 of the Dungeon.
             The game lasted 00:03:21 (3097 turns).

Exodus22XD the Chopper (Minotaur Fighter)           Turns: 3097, Time: 00:03:22

Health: -1/62      AC: 14    Str: 22    XL:     7   Next: 70%
Magic:  6/6        EV:  9    Int:  5    God:
Gold:   211        SH: 10    Dex: 14    Spells: 6/6 levels left

rFire   + . .      SeeInvis .   a - +0 war axe
rCold   . . .      Faith    .   c - +0 buckler
rNeg    . . .      Spirit   .   b - +0 scale mail
rPois   .          Reflect  +   (helmet restricted)
rElec   .          Harm     .   (no cloak)
rCorr   +          Rampage  .   u - +2 pair of gloves
Will    .....                   (no boots)
Stlth   ..........              f - amulet of reflection
HPRegen 0.20/turn               m - +4 ring of protection
MPRegen 0.10/turn               o - ring "Kerghig" {rF+ rCorr Dex+4}

@: no status effects
A: horns 2, retaliatory headbutt
a: no special abilities


You were on level 5 of the Dungeon.
You visited 1 branch of the dungeon, and saw 5 of its levels.

You collected 235 gold pieces.
You spent 24 gold pieces at shops.

Inventory:

Hand Weapons
 a - a +0 war axe (weapon)
 x - a +1 whip of electrocution
Armour
 b - a +0 scale mail (worn)
 c - a +0 buckler (worn)
 u - a +2 pair of gloves (worn)
Jewellery
 f - an amulet of reflection (around neck)
 l - an amulet of regeneration
 m - a +4 ring of protection (left hand)
 n - a ring of protection from fire
 o - the ring "Kerghig" (right hand) {rF+ rCorr Dex+4}
   (You found it on level 3 of the Dungeon)

   [ring of resist corrosion]

   Dex:       It affects your dexterity (+4).
   rF:        It protects you from fire.
   rCorr:     It protects you from acid and corrosion.
 r - an amulet of the acrobat
Wands
 w - a wand of mindburst (14)
 y - a wand of flame (24)
Scrolls
 e - a scroll of noise {unknown}
 i - a scroll of magic mapping {unknown}
 k - a scroll of fog {unknown}
 q - 5 scrolls of teleportation {unknown}
 s - a scroll of amnesia {unknown}
 v - a scroll of identify
Potions
 d - a potion of might
 g - a potion of magic {unknown}
 h - a potion of lignification {unknown}
 j - 2 potions of brilliance
 p - a potion of heal wounds {unknown}
 t - 2 potions of mutation {unknown}


   Skills:
 + Level 5.7 Fighting
 + Level 7.7 Axes
 + Level 6.1 Armour
 + Level 4.9 Shields


You had 6 spell levels left.
You didn't know any spells.
Your spell library was empty.

Dungeon Overview and Level Annotations

Branches:
Dungeon (5/15)
 Temple: D:4-7

Altars:
Vehumet

Shops:
D:2 (   D:4 ?


Innate Abilities, Weirdness & Mutations

You have a pair of horns on your head.
You reflexively headbutt those who attack you in melee.


Message History

You hit the orc priest.
You kill the orc priest!
You hit the howler monkey skeleton. You closely miss the iguana.
The iguana bites you but does no damage.
You block the howler monkey skeleton's attack.
You barely miss the iguana.
You headbutt the iguana, but do no damage.
The iguana is almost dead.
You slash the howler monkey skeleton!
You destroy the howler monkey skeleton!
The iguana closely misses you. You furiously retaliate!
You headbutt the iguana.
You kill the iguana!
You closely miss the shadow imp. Your headbutt misses the shadow imp.
You block the shadow imp's attack.
You hit the shadow imp but do no damage.
The shadow imp hits you but does no damage.
You closely miss the shadow imp. The shadow imp hits you.
The shadow imp gestures at you. Pain shoots through your body!
* * * LOW HITPOINT WARNING * * *
You closely miss the shadow imp. You block the shadow imp's attack.
You closely miss the shadow imp. You block the shadow imp's attack.
You closely miss the shadow imp. You headbutt the shadow imp!
The shadow imp is heavily wounded.
You block the shadow imp's attack.
You hit the shadow imp. You headbutt the shadow imp.
The shadow imp is severely wounded.
The shadow imp gestures at you. Pain shoots through your body!
* * * LOW HITPOINT WARNING * * *
You barely miss the shadow imp.
The shadow imp is severely wounded.
The shadow imp hits you but does no damage.
You completely miss the shadow imp. Your headbutt misses the shadow imp.
The shadow imp is severely wounded.
You block the shadow imp's attack. The shadow imp gestures at you.
Pain shoots through your body!
You die...

#..............# #.....†..#
#..............# #....)...#
#.)............###........#
#.........................#
#..........................
#..........................#
#........................>.#
######....).)......
#....)@)......
##.#.#5#.#....
..............
?.#.......#..##
.............#
.##.......#### .....>...
.#.......#.


You could see a shadow imp.

Vanquished Creatures
  A necrophage (D:5)
  A phantom (D:4)
  A bullfrog (D:4)
  3 scorpions
  A bullfrog zombie (D:5)
  A jelly (D:4)
  2 hounds
  An orc priest (D:5)
  Jessica (D:3)
  3 iguanas
  4 gnolls (D:5)
  A howler monkey skeleton (D:5)
  6 adders
  2 worms
  2 dart slugs (D:4)
  11 orcs
  5 endoplasms
  3 giant cockroaches
  6 goblins
  3 hobgoblins
  4 jackals (D:2)
  3 quokkas
  7 ball pythons
  4 bats
  4 frilled lizards
  5 kobolds
  12 rats
97 creatures vanquished.

Notes
Turn   | Place    | Note
-------+----------+-------------------------------------------
     0 | D:1      | Exodus22XD the Minotaur Fighter began the quest for the
                  | Orb.
     0 | D:1      | Reached XP level 1. HP: 19/19 MP: 0/0
   278 | D:1      | Reached XP level 2. HP: 25/27 MP: 1/1
   964 | D:2      | Reached skill level 3 in Axes
  1115 | D:2      | Reached XP level 3. HP: 32/33 MP: 2/2
  1502 | D:2      | Reached XP level 4. HP: 41/41 MP: 3/3
  1570 | D:2      | Found Alufyol's Antique Weapon Boutique.
  1832 | D:3      | Noticed Jessica
  1838 | D:3      | Killed Jessica
  1839 | D:3      | Reached skill level 4 in Axes
  1947 | D:3      | Identified the ring "Kerghig" {rF+ rCorr Dex+4}
  1980 | D:3      | Noticed a scorpion
  1986 | D:3      | Killed a scorpion
  1987 | D:3      | Reached XP level 5. HP: 38/47 MP: 4/4
  2216 | D:4      | Reached skill level 5 in Axes
  2219 | D:4      | Reached skill level 5 in Armour
  2219 | D:4      | Reached XP level 6. HP: 47/55 MP: 5/5
  2254 | D:4      | Reached skill level 5 in Fighting
  2409 | D:4      | Reached skill level 6 in Axes
  2526 | D:4      | Found Plog's Magic Scroll Shop.
  2531 | D:4      | Bought a scroll of identify for 24 gold pieces
  2582 | D:4      | Reached XP level 7. HP: 58/61 MP: 6/6
  2830 | D:5      | Entered Level 5 of the Dungeon
  2912 | D:5      | Reached skill level 7 in Axes
  2999 | D:5      | Found a radiant altar of Vehumet.
  3097 | D:5      | Killed from afar by a shadow imp

Illustrated notes

Levels and vault maps discovered:
D:1:      lightli_arrival_lavapool, layout_basic, nicolae_wormholes
D:2:      layout_loops_corners, serial_shops, shop, grunt_ministairs_11,
          minmay_circle_x
D:3:      layout_rooms, uniq_jessica
D:4:      layout_basic, serial_shops, kennysheep_little_box
D:5:      layout_basic, vehumet_altar_wand_db, st_stairs_4,
          minmay_chambers_of_fives

Skill      XL: |  1  2  3  4  5  6  7 |
---------------+----------------------+-----
Armour         | 4 5 6 |  6.1
Fighting       | 4 5 |  5.7
Axes           | 3 4 5 6 7 |  7.7
Shields        | 4 |  4.9

Action                   |  1- 3 |  4- 6 |  7- 9 || total
-------------------------+-------+-------+-------++-------
Melee: War axe           |    67 |    77 |    50 ||   194
       Headbutt          |     9 |    15 |    10 ||    34
  Use: Scroll            |       |     1 |       ||     1
Armor: Scale mail        |    30 |    39 |    27 ||    96
Dodge: Dodged            |    28 |    29 |    22 ||    79
Block: Buckler           |    13 |    21 |    32 ||    66
       Reflection        |       |     1 |       ||     1
